 Dungeon Crawl Stone Soup version 0.27.1 (webtiles) character file.

Game seed: 15717304578284221970

31382 Goblin1989 the Cleaver (level 13, -42/104 HPs)
             Began as a Demonspawn Delver on Aug 24, 2021.
             Was a High Priest of Wu Jian.
             Annihilated by Rupert (46 damage)
             ... on level 4 of the Lair of Beasts on Aug 25, 2021.
             The game lasted 00:38:42 (18535 turns).

Goblin1989 the Cleaver (Demonspawn Delver)         Turns: 18535, Time: 00:38:43

Health: -42/104    AC: 20    Str: 23    XL:     13   Next: 25%
Magic:  13/13      EV:  8    Int: 12    God:    Wu Jian [*****.]
Gold:   429        SH: 14    Dex: 15    Spells: 12/12 levels left

rFire    . . .     SeeInvis .   N - +8 mithril axe "Arga" {speed, Will+}
rCold    . . .     Faith    .   l - +0 kite shield
rNeg     + . .     Spirit   .   X - +0 plate armour
rPois    +         Reflect  .   O - +0 helmet
rElec    .         Harm     .   A - scarf {repulsion}
rCorr    .         Rampage  .   S - +0 pair of gloves
Will     ++...                  m - +0 pair of boots
Stlth    ..........             z - macabre finger necklace {rN+}
HPRegen  0.27/turn              Y - +6 ring of strength
MPRegen  0.13/turn              o - ring of poison resistance
                                C - ring of willpower

@: repel missiles, serpent's lash
A: hooves 1, thin metallic scales 1, foul stench 2, condensation shield
a: Renounce Religion, Wall Jump, Serpent's Lash, Heavenly Storm


You were on level 4 of the Lair of Beasts.
You worshipped Wu Jian.
Wu Jian was extremely pleased with you.
You visited 2 branches of the dungeon, and saw 15 of its levels.

You collected 705 gold pieces.
You spent 276 gold pieces at shops.

Inventory:

Hand Weapons
 h - the +5 spear "Eroplaf" {vorpal, Str+3 Dex+2}
   (You found it on level 2 of the Lair of Beasts)

   It inflicts extra damage upon your enemies.
   Str:       It affects your strength (+3).
   Dex:       It affects your dexterity (+2).
 N - the +8 mithril axe "Arga" (weapon) {speed, Will+}
   (You found it on level 5 of the Dungeon)

   Attacks with this weapon are significantly faster.
   Will:      It increases your willpower.
Missiles
 q - 12 boomerangs
 y - a curare-tipped dart (quivered)
 Z - 2 throwing nets {!d , @Q1}
Armour
 l - a +0 kite shield (worn)
 m - a +0 pair of boots (worn)
 n - a scarf of shadows
 A - a scarf of repulsion (worn)
 O - a +0 helmet (worn)
 S - a +0 pair of gloves (worn)
 X - a +0 plate armour (worn)
Jewellery
 g - a ring of resist corrosion
 o - a ring of poison resistance (right hand)
 t - a +4 ring of protection
 z - the macabre finger necklace (around neck) {rN+}
   (You found it on level 7 of the Dungeon)

   [amulet of nothing]

   It enables you to equip an extra ring.
   rN:        It protects you from negative energy.
 C - a ring of willpower (on amulet)
 Y - a +6 ring of strength (left hand)
Wands
 j - a wand of mindburst (39)
 s - a wand of acid (18) {@v2}
 u - a wand of iceblast (5) {@v4}
 w - a wand of charming (20)
 x - a wand of digging (12) {@v1}
 F - a wand of flame (7) {@v6}
 K - a wand of paralysis (13) {@v7}
Scrolls
 c - 4 scrolls of fog
 k - a scroll of summoning
 v - a scroll of fear
 B - a scroll of blinking
 G - 4 scrolls of amnesia
 M - 5 scrolls of magic mapping
 R - 6 scrolls of identify {@r1}
 T - 5 scrolls of teleportation {!r, @r2}
 U - a scroll of enchant armour
 W - 3 scrolls of enchant weapon
Potions
 f - 3 potions of haste {@q3,}
 i - a potion of invisibility {unknown}
 p - a potion of resistance {@q6}
 r - a potion of berserk rage
 D - 2 potions of flight
 E - a potion of attraction
 H - 6 potions of might {@q4}
 I - 2 potions of ambrosia
 J - 2 potions of heal wounds {@q2}
 L - 2 potions of brilliance
 P - 9 potions of curing {@q1}
 Q - 3 potions of lignification
 V - 3 potions of magic


   Skills:
 + Level 10.4 Fighting
 - Level 1.7 Short Blades
 * Level 12.9 Axes
 - Level 2.0 Throwing
 + Level 9.1 Armour
 - Level 7.4 Dodging
 - Level 4.5 Stealth
 + Level 5.3 Shields
 + Level 4.0 Evocations


You had 12 spell levels left.
You didn't know any spells.
Your spell library contained the following spells:

 Spells                   Type           Power      Damage    Failure   Level
 Apportation              Tloc           0%         N/A       100%        1
 Magic Dart               Conj           0%         1d3       100%        1
 Sandblast                Erth           0%         2d4       100%        1
 Call Imp                 Summ           0%         N/A       100%        2
 Passwall                 Tmut/Erth      0%         N/A       100%        2
 Mephitic Cloud           Conj/Pois/Air  0%         N/A       100%        3
 Animate Armour           Summ/Erth      0%         N/A       100%        4
 Alistair's Intoxication  Tmut/Pois      0%         N/A       100%        5
 Blade Hands              Tmut           0%         N/A       100%        5
 Lee's Rapid Deconstruct  Erth           0%         3d5*      100%        5
 Invisibility             Hex            0%         N/A       100%        6
 Iron Shot                Conj/Erth      0%         9d1       100%        6


Dungeon Overview and Level Annotations

Branches:
Dungeon (11/15)            Temple (0/1) D:6            Lair (4/6) D:11
  Snake (0/4) Lair:3
  Swamp: Lair:2-4    Shoals: Lair:2-4       Orc: D:9-12

Altars:
Cheibriados
Dithmenos
Elyvilon
Fedhas
Makhleb
Nemelex Xobeh
Qazlal
Trog
Wu Jian
Xom
Yredelemnul
Zin
The Shining One

Shops:
D:2 *   D:6 !   D:9 *

Annotations:
D:7 2 transporters, chuckie79's ghost, novice HOFi
Lair:4 Josephine; Rupert


Innate Abilities, Weirdness & Mutations

You have large cloven feet.
You are partially covered in thin metallic scales. (AC +2)
You sometimes emit foul miasma when damaged in melee.
A meltable shield of frost defends you. (SH +4)


Message History

R - 6 scrolls of identify {@r1} (gained 1)
Found 20 bolts.
Unknown command.
Rupert the Wild comes into view.
He is wielding a +2 triple sword of holy wrath and wearing a +3 leather armour of fire resistance.
Rupert shouts!
Press: ? - help, v - describe, . - travel
Here: Rupert, wielding a +2 triple sword of holy wrath and wearing a +3 leather armour of fire resistance The floor.
That's the wrong kind of item! (Use * to select it.) Evoke which item? (* to show all) (? for menu, Esc to quit)
Okay, then.
Aiming: Paralyse
Press: ? - help, Shift-Dir - straight line, f - Rupert
Aim: Rupert, wielding a +2 triple sword of holy wrath and wearing a +3 leather armour of fire resistance (chance to affect: 4%)
Okay, then.
Unknown command.
Throw: 12 boomerangs
Press: ? - help, Q - select action, (/) - cycle Shift-Dir - straight line, f - Rupert
Aim: Rupert, wielding a +2 triple sword of holy wrath and wearing a +3 leather armour of fire resistance (64% to hit)
You throw a boomerang. The boomerang closely misses Rupert.
Throw: 3 darts (curare)
Press: ? - help, Q - select action, (/) - cycle Shift-Dir - straight line, f/p - Rupert
Aim: Rupert, wielding a +2 triple sword of holy wrath and wearing a +3 leather armour of fire resistance (64% to hit)
You throw a curare-tipped dart. The curare-tipped dart hits Rupert.
Rupert is poisoned.
Rupert convulses.
Rupert seems to slow down.
Rupert is lightly wounded.
Rupert roars madly and goes into a rage!
Rupert shakes off his lethargy.
Rupert goes berserk!
Throw: 2 darts (curare)
Press: ? - help, Q - select action, (/) - cycle Shift-Dir - straight line, f/p - Rupert
Aim: Rupert, wielding a +2 triple sword of holy wrath and wearing a +3 leather armour of fire resistance (lightly wounded, berserk, very poisoned, 64% to hit)
You throw a curare-tipped dart. The curare-tipped dart hits Rupert.
Rupert looks as sick as possible!
Rupert convulses.
Rupert seems to slow down.
Rupert is lightly wounded.
Your muscles tense, ready for explosive movement...
Found a chain mail.
You lunge with incredible momentum at Rupert.
You slice Rupert!!
Rupert is moderately wounded.
You closely miss Rupert.
Rupert is moderately wounded.
You block Rupert's attack.
Unknown command.
Unknown command.
You slash Rupert!
Rupert is moderately wounded.
Rupert closely misses you.
You hit Rupert.
Rupert is heavily wounded.
You block Rupert's attack.
You closely miss Rupert.
Rupert is heavily wounded.
Rupert hits you with a +2 triple sword of holy wrath.
You convulse.
You take 5 damage, and have 99/104 hp.
You closely miss Rupert.
Rupert is heavily wounded.
Rupert hits you with a +2 triple sword of holy wrath.
You convulse.
You take 6 damage, and have 93/104 hp.
You slash Rupert!
Rupert is heavily wounded.
You barely miss Rupert.
Rupert is heavily wounded.
Rupert hits you with a +2 triple sword of holy wrath.
You convulse.
You take 8 damage, and have 85/104 hp.
You slash Rupert!
Rupert is heavily wounded.
Rupert hits you with a +2 triple sword of holy wrath.
You convulse.
You take 8 damage, and have 77/104 hp.
You hit Rupert.
Rupert is severely wounded.
You block Rupert's attack.
You slash Rupert!
Rupert is severely wounded.
Rupert hits you with a +2 triple sword of holy wrath!
You convulse!
You take 25 damage, and have 53/104 hp.
MASSIVE DAMAGE!!
You slash Rupert!
Rupert is severely wounded.
Rupert is no longer moving slowly.
Your plate armour prevents you from hitting Rupert.
Rupert is severely wounded.
Rupert hits you with a +2 triple sword of holy wrath.
You convulse!
* * * LOW HITPOINT WARNING * * *
You emit a cloud of foul miasma!
Rupert is engulfed in dark miasma.
Rupert looks even sicker.
Rupert seems to slow down.
You block Rupert's attack.
You take 14 damage, and have 39/104 hp.
You slash Rupert!
Rupert is almost dead.
Rupert is engulfed in dark miasma.
Rupert looks as sick as possible!
Rupert hits you with a +2 triple sword of holy wrath!!
* * * LOW HITPOINT WARNING * * *
You convulse!!!
You die...

███ █████..███
█.......P
█.......P███ .
..........P█ ..
██.......█..█ ...
█.....(..█..███ ....
█.........@@.█ .....
██........█...█.(....
█P.......██.P..(.....
█.......██.████.....
█.......████ ....
█.......█ [..
███..█.██ ████.█ ██.█


You could see Rupert (berserk, extremely poisoned, slow).

Vanquished Creatures
  A boulder beetle (Lair:3)
  2 hydras
  3 two-headed ogres
  An orc knight (D:10)
  A deep elf pyromancer (D:7)
  2 oklob plants
  4 elephants (Lair:3)
  4 black mambas
  A gargoyle (D:6)
  4 cane toads
  Maggie (Lair:1)
  2 unseen horrors
  A rime drake (Lair:3)
  6 komodo dragons
  A kobold demonologist (D:11)
  A troll (D:10)
  9 polar bears
  Grinder (D:6)
  4 blink frogs (Lair:2)
  Sigmund (D:3)
  A wraith (D:11)
  18 yaks
  A shadow (D:9)
  2 wyverns (Lair:2)
  2 steam dragons
  A vampire mosquito (D:11)
  2 acid dragons
  Duvessa (D:6)
  19 water moccasins
  15 orc warriors
  A sky beast (D:8)
  A hornet zombie (D:6)
  16 black bears
  5 necrophages
  5 ogres
  An ice beast (D:7)
  9 centaurs
  5 wolves (Lair:3)
  A phantom (D:7)
  7 kobold brigands
  15 bullfrogs
  A wyvern zombie (D:7)
  2 gnoll sergeants (D:11)
  2 scorpions
  2 water moccasin zombies
  A water moccasin skeleton (D:5)
  Dowan (D:6)
  3 killer bees (D:10)
  18 wights
  3 howler monkeys
  An electric eel (D:10)
  4 crimson imps (D:7)
  4 centaur zombies
  A bullfrog zombie (D:6)
  3 centaur skeletons
  9 orc priests
  5 hounds
  An iron imp (D:7)
  8 orc wizards
  3 iguanas
  A scorpion zombie (D:5)
  A killer bee zombie (D:7)
  2 hound skeletons (D:4)
  2 howler monkey zombies (D:7)
  Robin (D:2)
  12 gnolls
  8 adders
  2 white imps
  An ufetubus (D:5)
  An adder skeleton (D:4)
  3 dart slugs
  34 orcs
  5 endoplasms
  A giant cockroach (D:1)
  18 goblins
  5 hobgoblins
  5 quokkas
  7 ball pythons
  10 bats
  6 frilled lizards
  19 kobolds
  9 rats
403 creatures vanquished.

Vanquished Creatures (others)
  69 fungi
  73 plants
142 creatures vanquished.

Grand Total: 545 creatures vanquished

Notes
Turn   | Place    | Note
-------+----------+-------------------------------------------
     0 | D:5      | Goblin1989 the Demonspawn Delver began the quest for the
                  | Orb.
     0 | D:5      | Reached XP level 1. HP: 18/18 MP: 1/1
     1 | D:5      | Noticed a centaur
    16 | D:5      | Found the +8 mithril axe "Arga" {speed, Will+}
   176 | D:4      | Reached skill level 1 in Axes
   176 | D:4      | Gained mutation: A meltable shield of frost defends you.
                  | (SH +4) [demonic ancestry]
   176 | D:4      | Reached XP level 2. HP: 12/24 MP: 2/2
   454 | D:4      | Reached skill level 2 in Axes
   465 | D:4      | Noticed a water moccasin
   727 | D:3      | Reached XP level 3. HP: 29/29 MP: 3/3
  1068 | D:2      | Noticed Robin
  1249 | D:1      | Reached skill level 3 in Axes
  1783 | D:1      | Reached XP level 4. HP: 33/35 MP: 4/4
  1804 | D:1      | Found a faded altar of an unknown god.
  2128 | D:2      | Killed Robin
  2351 | D:2      | Found Ivootizu's General Store.
  2359 | D:2      | Bought a scroll of identify for 22 gold pieces
  2656 | D:3      | Found a shadowy altar of Dithmenos.
  2666 | D:3      | Noticed Sigmund
  2678 | D:3      | Killed Sigmund
  2679 | D:3      | Reached skill level 4 in Axes
  2679 | D:3      | Reached skill level 1 in Armour
  2679 | D:3      | Reached XP level 5. HP: 19/41 MP: 5/5
  2679 | D:3      | Gained mutation: You may rarely emit foul miasma when
                  | damaged in melee. [demonic ancestry]
  2679 | D:3      | Reached XP level 6. HP: 22/47 MP: 6/6
  3090 | D:4      | Found a basalt altar of Yredelemnul.
  3108 | D:4      | Gained mutation: You sometimes emit foul miasma when
                  | damaged in melee. [demonic ancestry]
  3108 | D:4      | Reached XP level 7. HP: 37/54 MP: 7/7
  3250 | D:4      | Reached skill level 5 in Axes
  3770 | D:4      | Reached skill level 1 in Evocations
  3931 | D:5      | Reached XP level 8. HP: 36/61 MP: 8/8
  4242 | D:5      | Reached skill level 6 in Axes
  4280 | D:5      | Reached skill level 5 in Fighting
  4513 | D:6      | Found an ornate altar of the Wu Jian Council.
  4520 | D:6      | Noticed a spectral centipede
  4520 | D:6      | Noticed a spectral black mamba
  4521 | D:6      | Became a worshipper of the Wu Jian Council
  4741 | D:6      | Found a blossoming altar of Fedhas.
  4746 | D:6      | Noticed Duvessa
  4746 | D:6      | Noticed Dowan
  4756 | D:6      | Killed Dowan
  4761 | D:6      | Killed Duvessa
  5143 | D:6      | Found a staircase to the Ecumenical Temple.
  5344 | D:6      | Reached skill level 7 in Axes
  5344 | D:6      | Reached XP level 9. HP: 60/68 MP: 9/9
  5421 | D:6      | Found a burning altar of Makhleb.
  5699 | D:6      | Found a bloodstained altar of Trog.
  5700 | D:6      | Noticed a gargoyle
  5719 | D:6      | Noticed Grinder
  5730 | D:6      | Killed Grinder
  5771 | D:6      | Reached * piety under Wu Jian
  5958 | D:6      | Killed a gargoyle
  5959 | D:6      | Reached skill level 1 in Throwing
  5959 | D:6      | Reached skill level 5 in Dodging
  6168 | D:6      | Found Mirch's Distillery.
  6177 | D:6      | Bought a potion of degeneration for 10 gold pieces
  6177 | D:6      | Bought a potion of attraction for 30 gold pieces
  6177 | D:6      | Bought a potion of flight for 30 gold pieces
  6177 | D:6      | Bought 2 potions of might for 80 gold pieces
  6271 | D:7      | Found a transporter.
  6338 | D:7      | Noticed a troll
  6340 | D:7      | Noticed chuckie79's ghost (novice HOFi)
  6350 | D:7      | Found a transporter.
  6483 | D:7      | Reached skill level 8 in Axes
  6513 | D:7      | Reached skill level 5 in Armour
  6712 | D:7      | Reached XP level 10. HP: 77/77 MP: 10/10
  6809 | D:7      | Noticed a two-headed ogre
  6809 | D:7      | Found the macabre finger necklace {rN+}
  6836 | D:7      | Killed a two-headed ogre
  7181 | D:7      | Noticed a deep elf pyromancer
  7192 | D:7      | Killed a deep elf pyromancer
  7193 | D:7      | Reached skill level 9 in Axes
  7431 | D:7      | Found a shimmering altar of Xom.
  7455 | D:7      | Reached ** piety under Wu Jian
  7895 | D:7      | Found a snail-covered altar of Cheibriados.
  8039 | D:8      | Found a sparkling altar of Nemelex Xobeh.
  9236 | D:2      | Bought a scroll of identify for 22 gold pieces
  9236 | D:2      | Bought a scroll of enchant weapon for 82 gold pieces
  9826 | D:9      | Found Awocsat's General Store.
 10065 | D:10     | Entered Level 10 of the Dungeon
 10157 | D:10     | Gained mutation: You are partially covered in thin metallic
                  | scales. (AC +2) [demonic ancestry]
 10157 | D:10     | Reached XP level 11. HP: 57/85 MP: 11/11
 10642 | D:10     | Reached skill level 10 in Axes
 10830 | D:10     | Found a stormy altar of Qazlal.
 11285 | D:10     | Noticed a two-headed ogre
 11293 | D:10     | Killed a two-headed ogre
 11747 | D:11     | Noticed a sun demon
 11987 | D:11     | Reached *** piety under Wu Jian
 12529 | D:11     | Found a staircase to the Lair.
 13011 | D:11     | Noticed a two-headed ogre
 13067 | D:11     | Killed a two-headed ogre
 13068 | D:11     | Reached skill level 11 in Axes
 13068 | D:11     | Reached skill level 1 in Shields
 13568 | D:11     | Reached **** piety under Wu Jian
 13585 | D:11     | Noticed an orc knight
 13776 | D:10     | Killed an orc knight
 13777 | D:10     | Reached XP level 12. HP: 40/95 MP: 12/12
 14365 | Lair:1   | Entered Level 1 of the Lair of Beasts
 14569 | Lair:1   | Noticed Maggie
 14576 | Lair:1   | Killed Maggie
 14825 | Lair:1   | Noticed an eight-headed hydra
 14831 | Lair:1   | Killed an eight-headed hydra
 15302 | Lair:2   | Identified the +5 spear "Eroplaf" {vorpal, Str+3 Dex+2}
 15707 | Lair:2   | Reached skill level 12 in Axes
 16746 | Lair:3   | Found a staircase to the Snake Pit.
 17022 | Lair:3   | Reached skill level 10 in Fighting
 17029 | Lair:3   | Reached ***** piety under Wu Jian
 17253 | Lair:3   | Gained mutation: You have large cloven feet. [demonic
                  | ancestry]
 17253 | Lair:3   | Reached XP level 13. HP: 100/103 MP: 13/13
 17538 | Lair:3   | Reached skill level 5 in Shields
 18214 | Lair:4   | Noticed Josephine
 18516 | Lair:4   | Noticed Rupert
 18535 | Lair:4   | HP: 4/104 [Rupert (35)]
 18535 | Lair:4   | Annihilated by Rupert

Illustrated notes

Levels and vault maps discovered:
D:1:      lemuel_arrival_funnel, layout_basic,
          ebering_ecumenical_altar_petrified, minmay_quantized
D:2:      layout_loops_ring, serial_shops, nicolae_shop_waterfront, uniq_robin
D:3:      cheibrodos_old_hovel, layout_rooms, nicolae_dithmenos_the_darkroom,
          serial_glass, glass_columns_a, glass_columns_c, feat_on_display,
          uniq_sigmund
D:4:      layout_loops_cross, mainiacjoe_overflow_boulevard
D:5:      layout_basic, lemuel_coloured_pillars_altar
D:6:      layout_loops_corners, nicolae_overflow_crystal_walls,
          lemuel_doored_altar, lemuel_tele_altar,
          pdpol_wu_jian_five_deadly_venoms, temple_pool_b, serial_shops,
          nicolae_lakefront_shop, uniq_grinder, uniq_duvessa
D:7:      kennysheep_windowed_halls, layout_basic,
          mainiacjoe_overflow_surrounded_room, slow_altar_1, led_xom_imps,
          nzn_ghost_randoct, minivault_25, guppyfry_early_elven_hall
D:8:      layout_cave_pools, mainiacjoe_overflow_alcove_4,
          overflow_temple_1_default
D:9:      layout_gridville, nicolae_take_the_stairs
D:10:     layout_gridville, nicolae_qazlal_scattered_showers,
          kennysheep_decorative_pillar
D:11:     layout_loops_corners, due_lair_maze_entry_diamond, special_room
          [special_room_orc], minmay_puff
Lair:1:   layout_long_grid, uniq_maggie
Lair:2:   beast_lair_carwin_large_1, layout_regular_city,
          minmay_lair_oklob_chamber
Lair:3:   beast_lair_carwin_large_3, layout_cellular_growth, dummy_snake_entry,
          cheibrodos_lair_reptile_den, grunt_megastairs_1
Lair:4:   layout_roguey, shoals_dummy_entry, uniq_josephine, uniq_rupert

Skill      XL: |  1  2  3  4  5  6  7  8  9 10 11 12 13 |
---------------+----------------------------------------+-----
Axes           | 1 2 3 4 5 7 8 9 11 12 | 12.9
Dodging        | 2 3 4 5 6 7 |  7.4
Armour         | 1 2 3 4 5 6 7 8 9 |  9.1
Fighting       | 4 5 6 7 9 10 | 10.4
Evocations     | 1 3 4 |  4.0
Throwing       | 2 |  2.0
Shields        | 2 4 5 |  5.3
Short Blades   | |  1.7
Stealth        | |  4.5

Action                   |  1- 3 |  4- 6 |  7- 9 | 10-12 | 13-15 || total
-------------------------+-------+-------+-------+-------+-------++-------
Melee: Short sword       |    41 |       |       |       |       ||    41
       Broad axe         |    51 |    78 |   211 |   712 |   111 ||  1163
Throw: Dart              |       |       |       |       |     2 ||     2
       Boomerang         |       |       |       |       |     1 ||     1
Invok: Lunge             |       |       |    12 |    61 |     5 ||    78
       Whirlwind         |       |       |     2 |     2 |       ||     4
       Serpent's Lash    |       |       |       |     2 |     1 ||     3
Evoke: Wand              |       |       |       |     9 |     9 ||    18
  Use: Scroll            |     2 |     3 |     3 |     8 |       ||    16
       Potion            |       |       |     1 |     2 |       ||     3
 Stab: Sleeping          |    11 |     7 |     4 |       |       ||    22
Armor: Leather armour    |    17 |     4 |       |       |       ||    21
       Ring mail         |       |    16 |    40 |       |       ||    56
       Plate armour      |       |       |    31 |   287 |    40 ||   358
Dodge: Dodged            |    39 |    29 |    87 |   163 |    18 ||   336
       Repelled          |       |       |       |     1 |     3 ||     4
Block: Other             |     9 |     8 |    23 |    44 |       ||    84
       Kite shield       |       |       |       |   208 |    67 ||   275
